| TOP OF THE 1ST |
|
Hagerstown Suns batting - Pitching for Lakewood BlueClaws : RHP William-Floyd Goof
|
|
Pitching: RHP William-Floyd Goof
|
|
|
Batting: RHB Pat Drader
|
0-0: DOUBLE (Groundball, 3L, EV 101.9 MPH)
|
|
Batting: LHB Ben Montgomery
|
0-0: Called Strike 0-1: Foul Ball, location: 2F 0-2: Ball 1-2: Ball 2-2: Foul Ball, location: 2F 2-2: Foul Ball, location: 2F 2-2: Foul Ball, location: 2F 2-2: Strikes out swinging
|
|
Batting: RHB Kevin Wick
|
0-0: Called Strike 0-1: Swinging Strike 0-2: Ball 1-2: Foul Ball, location: 2F 1-2: Ball 2-2: Strikes out looking
|
|
Batting: LHB Yoshiya Kurokawa
|
0-0: Ball 1-0: Called Strike 1-1: Ball 2-1: Ball 3-1: Ground out 6-3 (Groundball, 6M, EV 100.6 MPH)
|
| Top of the 1st over - 0 runs, 1 hit, 0 errors, 1 left on base; Hagerstown 0 - Lakewood 0 |
| BOTTOM OF THE 1ST |
|
Lakewood BlueClaws batting - Pitching for Hagerstown Suns : LHP Kyle Bachman
|
|
Pitching: LHP Kyle Bachman
|
|
|
Batting: RHB Alberto Ramirez
|
0-0: Ball 1-0: Called Strike 1-1: Called Strike 1-2: Foul Ball, location: 2F 1-2: Ball 2-2: Ball 3-2: SINGLE (Line Drive, 56, EV 96.9 MPH)
|
|
Batting: RHB Victor Arroyo
|
0-0: Ball 1-0: Ball Alberto Ramirez steals 2nd base 2-0: Foul Ball, location: 2F 2-1: Fly out, F7 (Flyball, 7LS, EV 84.4 MPH)
|
|
Batting: SHB Bob Dixon
|
0-0: Called Strike Alberto Ramirez is caught stealing 3rd base 2-5 0-1: Ball 1-1: Ball 2-1: Ground out 6-3 (Groundball, 6, EV 89.4 MPH)
|
| Bottom of the 1st over - 0 runs, 1 hit, 0 errors, 0 left on base; Hagerstown 0 - Lakewood 0 |
| TOP OF THE 2ND |
|
Hagerstown Suns batting - Pitching for Lakewood BlueClaws : RHP William-Floyd Goof
|
|
Batting: RHB Josh Courtney
|
0-0: Called Strike 0-1: Ball 1-1: Ball 2-1: Ball 3-1: Swinging Strike 3-2: Foul Ball, location: 2F 3-2: Strikes out swinging
|
|
Batting: LHB Adam Jacobs
|
0-0: DOUBLE (Groundball, 5L, EV 110.6 MPH)
|
|
Batting: RHB Justin Slifka
|
0-0: Ball 1-0: Called Strike 1-1: Swinging Strike 1-2: Ball 2-2: Fly out, F5 (Popup, 56, EV 61.9 MPH)
|
|
Batting: RHB Joe Young
|
0-0: Ball 1-0: Foul Ball, location: 2F 1-1: Foul Ball, location: 2F 1-2: Ground out 6-3 (Groundball, 6, EV 103.8 MPH)
|
| Top of the 2nd over - 0 runs, 1 hit, 0 errors, 1 left on base; Hagerstown 0 - Lakewood 0 |
| BOTTOM OF THE 2ND |
|
Lakewood BlueClaws batting - Pitching for Hagerstown Suns : LHP Kyle Bachman
|
|
Batting: RHB Kyle Morse
|
0-0: Called Strike 0-1: SINGLE (Line Drive, 89S, EV 85.6 MPH)
|
|
Batting: LHB Osamu Kubo
|
0-0: Ball 1-0: Ball Passed Ball! Kyle Morse to second 2-0: Called Strike 2-1: 2-RUN HOME RUN (Flyball, 78XD, EV 102.5 MPH), Distance : 404 ft
|
|
Batting: RHB Steve Jones
|
0-0: Called Strike 0-1: Ground out U3 (Groundball, 3L, EV 79.4 MPH)
|
|
Batting: LHB Jose Carlos
|
0-0: Called Strike 0-1: Ball 1-1: Ball 2-1: Foul Ball, location: 2F 2-2: Ball 3-2: DOUBLE (Groundball, 3L, EV 108.1 MPH)
|
|
Batting: RHB Pablo Lopez
|
0-0: Called Strike 0-1: Foul Ball, location: 2F 0-2: Foul Ball, location: 2F 0-2: Foul Ball, location: 2F 0-2: Ground out 1-3 (Groundball, 15S, EV 69.4 MPH)
|
|
Batting: SHB Mike Rueth
|
0-0: Ball 1-0: Called Strike 1-1: Ball 2-1: Swinging Strike 2-2: Ball 3-2: Strikes out swinging
|
| Bottom of the 2nd over - 2 runs, 3 hits, 0 errors, 1 left on base; Hagerstown 0 - Lakewood 2 |
| TOP OF THE 3RD |
|
Hagerstown Suns batting - Pitching for Lakewood BlueClaws : RHP William-Floyd Goof
|
|
Batting: RHB Scott Skoglund
|
0-0: Ball 1-0: Called Strike 1-1: Ball 2-1: Ball 3-1: Called Strike 3-2: Strikes out swinging
|
|
Batting: RHB Pat Drader
|
0-0: Foul Ball, location: 2F 0-1: Ball 1-1: Ball 2-1: Ground out 6-3 (Groundball, 6, EV 84.4 MPH)
|
|
Batting: LHB Ben Montgomery
|
0-0: Ball 1-0: Ball 2-0: SINGLE (Line Drive, 6D, EV 100.0 MPH)
|
|
Batting: RHB Kevin Wick
|
0-0: Foul Ball, location: 2F 0-1: Ball Ben Montgomery is caught stealing 2nd base 2-4
|
| Top of the 3rd over - 0 runs, 1 hit, 0 errors, 0 left on base; Hagerstown 0 - Lakewood 2 |
| BOTTOM OF THE 3RD |
|
Lakewood BlueClaws batting - Pitching for Hagerstown Suns : LHP Kyle Bachman
|
|
Batting: RHB Alberto Ramirez
|
0-0: Called Strike 0-1: Ball 1-1: Called Strike 1-2: Foul Ball, location: 2F 1-2: SOLO HOME RUN (Flyball, 7D, EV 90.0 MPH), Distance : 340 ft
|
|
Batting: RHB Victor Arroyo
|
0-0: Ball 1-0: Called Strike 1-1: Foul Ball, location: 2F 1-2: Foul Ball, location: 2F 1-2: Ball 2-2: Ball 3-2: Fly out, F8 (Flyball, 8RXD, EV 106.9 MPH)
|
|
Batting: SHB Bob Dixon
|
0-0: Ball 1-0: Foul Ball, location: 2F 1-1: Foul Ball, location: 2F 1-2: Fly out, F8 (Flyball, 8RXD, EV 95.6 MPH)
|
|
Batting: RHB Kyle Morse
|
0-0: Called Strike 0-1: Ball 1-1: SINGLE (Line Drive, 7S, EV 98.1 MPH)
|
|
Batting: LHB Osamu Kubo
|
0-0: Ball 1-0: Ball 2-0: Foul Ball, location: 2F 2-1: Ball 3-1: DOUBLE (Line Drive, 7LM, EV 99.4 MPH) Kyle Morse to third Runner from 3rd tries for Home, throw by LF and OUT! 7-6-2
|
| Bottom of the 3rd over - 1 run, 3 hits, 0 errors, 1 left on base; Hagerstown 0 - Lakewood 3 |
| TOP OF THE 4TH |
|
Hagerstown Suns batting - Pitching for Lakewood BlueClaws : RHP William-Floyd Goof
|
|
Batting: RHB Kevin Wick
|
0-0: Called Strike 0-1: Swinging Strike 0-2: Ball 1-2: Strikes out swinging
|
|
Batting: LHB Yoshiya Kurokawa
|
0-0: Fly out, F9 (Flyball, 9LS, EV 86.2 MPH)
|
|
Batting: RHB Josh Courtney
|
0-0: Ball 1-0: DOUBLE (Line Drive, 8LXD, EV 101.9 MPH)
|
|
Batting: LHB Adam Jacobs
|
0-0: Foul Ball, location: 2F 0-1: Ball 1-1: Called Strike 1-2: Ball 2-2: Foul Ball, location: 2F 2-2: Ball 3-2: Foul Ball, location: 2F 3-2: SINGLE (Line Drive, 89M, EV 101.2 MPH) Josh Courtney to third Runner from 3rd tries for Home, throw by CF and OUT! 8-2
|
| Top of the 4th over - 0 runs, 2 hits, 0 errors, 1 left on base; Hagerstown 0 - Lakewood 3 |
| BOTTOM OF THE 4TH |
|
Lakewood BlueClaws batting - Pitching for Hagerstown Suns : LHP Kyle Bachman
|
|
Batting: RHB Steve Jones
|
0-0: Called Strike 0-1: Fly out, F8 (Flyball, 89D, EV 104.4 MPH)
|
|
Batting: LHB Jose Carlos
|
0-0: Ball 1-0: Foul Ball, location: 2F 1-1: Foul Ball, location: 2F 1-2: Ball 2-2: DOUBLE (Line Drive, 5D, EV 97.5 MPH)
|
|
Batting: RHB Pablo Lopez
|
0-0: Ground out 6-3 (Groundball, 6, EV 85.0 MPH)
|
|
Batting: SHB Mike Rueth
|
0-0: Called Strike 0-1: Ball 1-1: Ball 2-1: Ball 3-1: Base on Balls
|
|
Batting: RHB Alberto Ramirez
|
0-0: Foul Ball, location: 2F 0-1: Swinging Strike 0-2: Foul Ball, location: 2F 0-2: Ball 1-2: Ball 2-2: Foul Ball, location: 2F 2-2: Foul Ball, location: 2F 2-2: Fly out, F9 (Flyball, 89M, EV 72.5 MPH)
|
| Bottom of the 4th over - 0 runs, 1 hit, 0 errors, 2 left on base; Hagerstown 0 - Lakewood 3 |
| TOP OF THE 5TH |
|
Hagerstown Suns batting - Pitching for Lakewood BlueClaws : RHP William-Floyd Goof
|
|
Batting: RHB Justin Slifka
|
0-0: Ball 1-0: Fly out, F9 (Flyball, 89S, EV 94.4 MPH)
|
|
Batting: RHB Joe Young
|
0-0: Called Strike 0-1: Foul Ball, location: 2F 0-2: Ball 1-2: Ball 2-2: Strikes out swinging
|
|
Batting: RHB Scott Skoglund
|
0-0: Ground out 6-3 (Groundball, 56, EV 101.9 MPH)
|
| Top of the 5th over - 0 runs, 0 hits, 0 errors, 0 left on base; Hagerstown 0 - Lakewood 3 |
| BOTTOM OF THE 5TH |
|
Lakewood BlueClaws batting - Pitching for Hagerstown Suns : LHP Kyle Bachman
|
|
Batting: RHB Victor Arroyo
|
0-0: Called Strike 0-1: Called Strike 0-2: Strikes out swinging
|
|
Pitching: RHP Jon Baily
|
|
|
Batting: SHB Bob Dixon
|
0-0: Called Strike 0-1: Swinging Strike 0-2: Ball 1-2: Ground out 6-3 (Groundball, 6, EV 104.4 MPH)
|
|
Batting: RHB Kyle Morse
|
0-0: Foul Ball, location: 2F 0-1: Hit by Pitch
|
|
Batting: LHB Osamu Kubo
|
0-0: Ball 1-0: Called Strike 1-1: Ball 2-1: Ball 3-1: SINGLE (Line Drive, 7S, EV 90.0 MPH) Kyle Morse to second
|
|
Batting: RHB Steve Jones
|
0-0: Foul Ball, location: 2F 0-1: Ball Wild Pitch! Kyle Morse to third Osamu Kubo to second 1-1: DOUBLE (Groundball, 3L, EV 97.5 MPH) Kyle Morse scores Osamu Kubo scores
|
|
Batting: LHB Jose Carlos
|
0-0: Called Strike 0-1: Foul Ball, location: 2F 0-2: Ball 1-2: Ball 2-2: Strikes out swinging
|
| Bottom of the 5th over - 2 runs, 2 hits, 0 errors, 1 left on base; Hagerstown 0 - Lakewood 5 |
| TOP OF THE 6TH |
|
Hagerstown Suns batting - Pitching for Lakewood BlueClaws : RHP William-Floyd Goof
|
|
Batting: RHB Pat Drader
|
0-0: Ball 1-0: Ball 2-0: Ball 3-0: Called Strike 3-1: Ground out 6-3 (Groundball, 6, EV 88.1 MPH)
|
|
Pitching: RHP Ricardo Dominguez
|
|
|
Batting: LHB Ben Montgomery
|
0-0: Foul Ball, location: 2F 0-1: Ball 1-1: Ball 2-1: Ground out 6-3 (Groundball, 6M, EV 95.6 MPH)
|
|
Batting: RHB Kevin Wick
|
0-0: Ball 1-0: DOUBLE (Line Drive, 78D, EV 106.9 MPH)
|
|
Batting: LHB Yoshiya Kurokawa
|
0-0: Ball 1-0: Foul Ball, location: 2F 1-1: Swinging Strike 1-2: Foul Ball, location: 2F 1-2: Strikes out swinging
|
| Top of the 6th over - 0 runs, 1 hit, 0 errors, 1 left on base; Hagerstown 0 - Lakewood 5 |
| BOTTOM OF THE 6TH |
|
Lakewood BlueClaws batting - Pitching for Hagerstown Suns : RHP Jon Baily
|
|
Batting: RHB Pablo Lopez
|
0-0: Foul Ball, location: 2F 0-1: Ball 1-1: DOUBLE (Line Drive, 3D, EV 98.1 MPH)
|
|
Batting: SHB Mike Rueth
|
0-0: Called Strike 0-1: Called Strike 0-2: Foul Ball, location: 2F 0-2: Hit by Pitch
|
|
Batting: RHB Alberto Ramirez
|
0-0: Ball 1-0: Foul Ball, location: 2F 1-1: Ball 2-1: SINGLE (Groundball, 34D, EV 109.4 MPH) Pablo Lopez to third Mike Rueth to second Runner from 3rd tries for Home, SAFE, throw by RF to home
|
|
Batting: RHB Victor Arroyo
|
0-0: Ball 1-0: Swinging Strike 1-1: Ball 2-1: Fly out, F8 (Flyball, 8LXD, EV 80.6 MPH) Runner from 2nd tags up, SAFE at 3rd, no throw by CF
|
|
Batting: SHB Bob Dixon
|
0-0: Ball 1-0: Foul Ball, location: 2F 1-1: Ball 2-1: Ball 3-1: Swinging Strike 3-2: Foul Ball, location: 2F 3-2: Strikes out looking
|
|
Batting: RHB Kyle Morse
|
0-0: Ball 1-0: Ball 2-0: Ball 3-0: Called Strike 3-1: Swinging Strike 3-2: Base on Balls Alberto Ramirez to second
|
|
Pitching: LHP Kerry Baty
|
|
|
Batting: LHB Osamu Kubo
|
0-0: SINGLE (Flyball, 56D, EV 90.0 MPH) Mike Rueth scores Alberto Ramirez to third Kyle Morse to second Runner from 3rd tries for Home, SAFE, throw by LF to home
|
|
Now in LF: Rich Hannus
|
|
|
Batting: RHB Steve Jones
|
0-0: Called Strike 0-1: Foul Ball, location: 2F 0-2: Ball 1-2: Foul Ball, location: 2F 1-2: Ball 2-2: Fly out, F4 (Line Drive, 4, EV 69.4 MPH)
|
| Bottom of the 6th over - 3 runs, 3 hits, 0 errors, 2 left on base; Hagerstown 0 - Lakewood 8 |
| TOP OF THE 7TH |
|
Hagerstown Suns batting - Pitching for Lakewood BlueClaws : RHP Ricardo Dominguez
|
|
Batting: RHB Josh Courtney
|
0-0: Ball 1-0: Called Strike 1-1: Foul Ball, location: 2F 1-2: Ball 2-2: Foul Ball, location: 2F 2-2: Strikes out looking
|
|
Batting: LHB Adam Jacobs
|
0-0: Ball 1-0: Called Strike 1-1: SINGLE (Line Drive, 78S, EV 105.6 MPH)
|
|
Batting: RHB Justin Slifka
|
0-0: Ball 1-0: Ball 2-0: Ball 3-0: Called Strike 3-1: Swinging Strike 3-2: Strikes out swinging
|
|
Batting: RHB Joe Young
|
0-0: Foul Ball, location: 2F 0-1: Ball 1-1: Called Strike 1-2: Ball 2-2: Fly out, F5 (Line Drive, 5, EV 66.9 MPH)
|
| Top of the 7th over - 0 runs, 1 hit, 0 errors, 1 left on base; Hagerstown 0 - Lakewood 8 |
| BOTTOM OF THE 7TH |
|
Lakewood BlueClaws batting - Pitching for Hagerstown Suns : LHP Kerry Baty
|
|
Batting: LHB Jose Carlos
|
0-0: Called Strike 0-1: Swinging Strike 0-2: Foul Ball, location: 2F 0-2: Ball 1-2: Strikes out swinging
|
|
Batting: RHB Pablo Lopez
|
0-0: Ball 1-0: Ball 2-0: Ball 3-0: Called Strike 3-1: SINGLE (Line Drive, 56, EV 95.6 MPH)
|
|
Batting: SHB Mike Rueth
|
0-0: Foul Ball, location: 2F 0-1: Foul Ball, location: 2F 0-2: Ball Wild Pitch! Pablo Lopez to second 1-2: Ground out 5-3 (Groundball, 5L, EV 87.5 MPH)
|
|
Batting: RHB Alberto Ramirez
|
0-0: Called Strike 0-1: Ball 1-1: Fly out, F9 (Flyball, 9LM, EV 90.6 MPH)
|
| Bottom of the 7th over - 0 runs, 1 hit, 0 errors, 1 left on base; Hagerstown 0 - Lakewood 8 |
| TOP OF THE 8TH |
|
Hagerstown Suns batting - Pitching for Lakewood BlueClaws : RHP Ricardo Dominguez
|
|
Batting: LHB Rich Hannus
|
0-0: Fly out, F9 (Flyball, 89D, EV 93.8 MPH)
|
|
Batting: RHB Pat Drader
|
0-0: Called Strike 0-1: Fly out, F9 (Line Drive, 9D, EV 91.2 MPH)
|
|
Batting: LHB Ben Montgomery
|
0-0: Ball 1-0: Foul Ball, location: 2F 1-1: Swinging Strike 1-2: Ground out 4-3 (Groundball, 4, EV 88.8 MPH)
|
| Top of the 8th over - 0 runs, 0 hits, 0 errors, 0 left on base; Hagerstown 0 - Lakewood 8 |
| BOTTOM OF THE 8TH |
|
Lakewood BlueClaws batting - Pitching for Hagerstown Suns : LHP Kerry Baty
|
|
Pinch Hitting: RHB Manny Mendoza
|
0-0: Swinging Strike 0-1: Ball 1-1: Called Strike 1-2: Ball 2-2: Foul Ball, location: 2F 2-2: Ball 3-2: Strikes out swinging
|
|
Batting: SHB Bob Dixon
|
0-0: Ball 1-0: Called Strike 1-1: Foul Ball, location: 2F 1-2: Ball 2-2: Fly out, F9 (Flyball, 9S, EV 90.0 MPH)
|
|
Batting: RHB Kyle Morse
|
0-0: Ball 1-0: Ground out U3 (Groundball, 3S, EV 83.1 MPH)
|
| Bottom of the 8th over - 0 runs, 0 hits, 0 errors, 0 left on base; Hagerstown 0 - Lakewood 8 |
| TOP OF THE 9TH |
|
Hagerstown Suns batting - Pitching for Lakewood BlueClaws : RHP Ricardo Dominguez
|
|
Now at 1B: Manny Mendoza
|
|
|
Pinch Hitting: RHB Bobby Dieter
|
0-0: Ball 1-0: Ball 2-0: Ball 3-0: Called Strike 3-1: Foul Ball, location: 2F 3-2: Foul Ball, location: 2F 3-2: Fly out, F9 (Line Drive, 9D, EV 93.1 MPH)
|
|
Batting: LHB Yoshiya Kurokawa
|
0-0: Ball 1-0: Ball 2-0: Called Strike 2-1: Ball 3-1: SINGLE (Groundball, 4MD, EV 105.6 MPH)
|
|
Pitching: RHP Dustin Hensley
|
|
|
Batting: RHB Josh Courtney
|
0-0: Called Strike 0-1: Ball 1-1: Ball 2-1: Called Strike 2-2: Strikes out looking
|
|
Batting: LHB Adam Jacobs
|
0-0: Ball 1-0: Ball 2-0: Ball 3-0: Base on Balls Yoshiya Kurokawa to second
|
|
Batting: RHB Justin Slifka
|
0-0: Foul Ball, location: 2F 0-1: Ball 1-1: Foul Ball, location: 2F 1-2: Strikes out looking
|
| Top of the 9th over - 0 runs, 1 hit, 0 errors, 2 left on base; Hagerstown 0 - Lakewood 8 |
|